 Dungeon Crawl Stone Soup version 0.21-a0-521-g1cd18d1 (webtiles) character file.

363 septik the Ruffian (level 6, -2/62 HPs)
             Began as a Troll Monk on Dec 5, 2017.
             Engulfed by a cloud of flame (21 damage)
             ... on level 5 of the Dungeon.
             The game lasted 00:10:59 (2682 turns).

septik the Ruffian (Troll Monk)                     Turns: 2682, Time: 00:10:59

Health: -2/62      AC:  6    Str: 20    XL:     6   Next: 39%
Magic:  5/5        EV: 17    Int: 10    God:
Gold:   193        SH:  0    Dex: 14    Spells: 5/5 levels left

rFire    . . .     SeeInvis .     - Unarmed
rCold    . . .     Gourm    +   (no shield)
rNeg     . . .     Faith    .   w - +1 robe {Archmagi}
rPois    .         Spirit   .   (helmet restricted)
rElec    .         Reflect  .   (no cloak)
rCorr    .         Harm     .   (gloves unavailable)
MR       .....                  (boots unavailable)
Stlth    ++........             (no amulet)
HPRegen  0.60/turn              m - +4 ring of intelligence
MPRegen  0.09/turn              c - +6 ring of evasion

@: no status effects
A: large, unfitting armour, claws 3, fast metabolism 3, gourmand, regeneration
1, shaggy fur 1, tough skin 2
a: no special abilities


You were on level 5 of the Dungeon.
You were very full.

You visited 1 branch of the dungeon, and saw 5 of its levels.

You collected 193 gold pieces.

Inventory:

Missiles
 e - 103 stones (quivered)
 g - 6 tomahawks
Armour
 a - a +0 robe
 w - a +1 robe of the Archmagi (worn)
Jewellery
 c - a +6 ring of evasion (right claw)
 m - a +4 ring of intelligence (left claw)
Wands
 y - a wand of disintegration (17)
Scrolls
 d - 3 scrolls of identify
 f - a scroll of immolation
 h - a scroll of blinking {unknown}
 k - 2 scrolls of remove curse {unknown}
 q - a scroll of amnesia {unknown}
 s - a scroll of enchant weapon {unknown}
 t - a scroll of teleportation {unknown}
Potions
 i - a potion of heal wounds {unknown}
 j - 2 potions of might
 l - 2 potions of curing {unknown}
 p - 2 potions of haste {unknown}
 r - a potion of degeneration {unknown}
 v - a potion of mutation {unknown}
 x - a potion of resistance {unknown}
 A - a potion of invisibility {unknown}
Books
 o - a book of Changes

   Spells                             Type                      Level
   a - Beastly Appendage              Transmutation                1
   b - Sticks to Snakes               Transmutation                2
   c - Spider Form                    Transmutation/Poison         3
   d - Ice Form                       Ice/Transmutation            4
   e - Blade Hands                    Transmutation                5
 B - a book of Geomancy

   Spells                             Type                      Level
   a - Sandblast                      Earth                        1
   b - Passwall                       Transmutation/Earth          2
   c - Stone Arrow                    Conjuration/Earth            3
   d - Petrify                        Transmutation/Earth          4
   e - Lee's Rapid Deconstruction     Earth                        5
Comestibles
 b - 5 bread rations
 n - a fruit
 u - a royal jelly
 z - a meat ration


   Skills:
 + Level 3.7 Fighting
 + Level 2.0 Throwing
 - Level 3.0 Dodging
 - Level 1.1 Stealth
 * Level 5.3 Unarmed Combat


You had 5 spell levels left.
You didn't know any spells.

Dungeon Overview and Level Annotations

Branches:
Dungeon (5/15)
 Temple: D:4-7

Altars:
Ashenzari
Kikubaaqudgha
Nemelex Xobeh
Qazlal
Ru
Sif Muna
Xom
Zin


Innate Abilities, Weirdness & Mutations

You are too large for most types of armour.
You have claws for hands.
Your metabolism is lightning-fast.
You like to eat raw meat.
Your natural rate of healing is unusually fast.
You are covered in fur. (AC +1)
You have very tough skin. (AC +2)


Message History

An orc comes into view. It is wielding a short sword.
An orc and a centaur come into view.
The orc shouts!
The orc wizard shouts!
The centaur moves out of view.
The orc closely misses you.
You completely miss the orc.
The orc shouts! x2
You claw the orc!
The orc explodes!
The fiery explosion engulfs you!
Ouch! That really hurt!
The fiery explosion engulfs the orc wizard.
The orc wizard explodes!
The fiery explosion engulfs the orc.
You kill the orc!
The fiery explosion engulfs the orc.
You kill the orc!
Your Throwing skill increases to level 2!
You are engulfed in blazing flames.
You die...

#....# #....#
#....# #?...#
#....#
##....#
#.....# .#
#.<...##§..##
#....@§§§...#
##...§§§....+
#.....<.o..#
......##...##
...$....#
...#
..........
..+
...........
.#
...........
.#


You could see an orc (inner flame).

Vanquished Creatures
  A howler monkey (D:4)
  An orc priest (D:4)
  4 orc wizards
  A worker ant (D:4)
  Natasha (D:3)
  A howler monkey skeleton (D:4)
  3 adders
  2 oozes
  An adder skeleton (D:4)
  A worm (D:4)
  2 dart slugs
  4 leopard geckos
  13 orcs
  6 bats
  A giant cockroach (D:3)
  7 goblins
  5 hobgoblins
  7 kobolds
  2 quokkas (D:2)
  3 frilled lizards
  2 quokka skeletons
  5 rats
73 creatures vanquished.

Notes
Turn   | Place    | Note
-------+----------+-------------------------------------------
     0 | D:1      | septik the Troll Monk began the quest for the Orb.
     0 | D:1      | Reached XP level 1. HP: 22/22 MP: 0/0
   166 | D:1      | Reached XP level 2. HP: 29/29 MP: 1/1
   171 | D:1      | Found a sparkling altar of Nemelex Xobeh.
   765 | D:2      | Reached XP level 3. HP: 36/36 MP: 2/2
   837 | D:2      | Found a sacrificial altar of Ru.
   858 | D:2      | Reached XP level 4. HP: 44/45 MP: 3/3
   899 | D:2      | Found a stormy altar of Qazlal.
  1237 | D:2      | Found a shimmering altar of Xom.
  1296 | D:2      | Reached skill level 4 in Unarmed Combat
  1719 | D:3      | Noticed Natasha
  1726 | D:3      | Killed Natasha
  1726 | D:3      | Reached skill level 1 in Throwing
  1726 | D:3      | Reached XP level 5. HP: 27/53 MP: 4/4
  1792 | D:3      | Found a deep blue altar of Sif Muna.
  2082 | D:4      | Found a sparkling altar of Nemelex Xobeh.
  2180 | D:4      | Reached skill level 5 in Unarmed Combat
  2189 | D:4      | Reached XP level 6. HP: 34/61 MP: 5/5
  2424 | D:4      | Found a glowing silver altar of Zin.
  2533 | D:4      | Found a shimmering altar of Xom.
  2632 | D:4      | Found a sacrificial altar of Ru.
  2636 | D:4      | Found a shattered altar of Ashenzari.
  2637 | D:4      | Found an ancient bone altar of Kikubaaqudgha.
  2675 | D:5      | Entered Level 5 of the Dungeon
  2682 | D:5      | Engulfed by a cloud of flame

Vault maps used:
D:1:      minmay_arrival_wavy_path, nemelex_diamond_rough_becter
D:2:      grunt_qazlal_sundering, xom_teletrap_fun, first_bread,
          nicolae_ru_great_annihilating_truth
D:3:      overflow_temple_1_default, uniq_natasha
D:4:      nemelex_xobeh_ov_fountains_minmay, zin_statuary, minitemple,
          serial_glass, glass_columns_b, glass_columns_c, glass_columns_b,
          glass_columns_b, glass_columns_c, glass_columns_a, glass_columns_a,
          glass_columns_a, glass_columns_b, glass_columns_c, lemuel_statue_altar
D:5:      gup_sewer_entry_spiral, uniq_ijyb

Skill      XL: |  1  2  3  4  5  6 |
---------------+-------------------+-----
Fighting       | 3 |  3.7
Dodging        | 3 |  3.0
Unarmed Combat | 4 5 |  5.3
Throwing       | 1 2 |  2.0
Stealth        | |  1.1

Action                   |  1- 3 |  4- 6 || total
-------------------------+-------+-------++-------
Melee: Unarmed           |    60 |   131 ||   191
       Punch             |     1 |     4 ||     5
  Use: Scroll            |       |     2 ||     2
 Stab: Paralysed         |       |     2 ||     2
       Sleeping          |       |     3 ||     3
  Eat: Chunk             |    13 |    16 ||    29
Armor: Robe              |    14 |    23 ||    37
Dodge: Dodged            |    28 |    52 ||    80

Table legend:
 A = Spawn XP
 B = Non-spawn XP
 C = Spawn XP percentage of total XP
 D = Spawn monster count
 E = Non-spawn monster count
 F = Spawn count percentage of total count
 G = Total turns spent on level
                    A         B        C        D         E        F      G
               +---------+---------+-------+---------+---------+-------+---------
         Total |       0 |     519 |   0.0 |       0 |      73 |   0.0 |  2682
               +---------+---------+-------+---------+---------+-------+---------
           D:1 |       0 |      33 |   0.0 |       0 |      17 |   0.0 |   753
           D:2 |       0 |      93 |   0.0 |       0 |      17 |   0.0 |   658
           D:3 |       0 |     139 |   0.0 |       0 |      24 |   0.0 |   671
           D:4 |       0 |     205 |   0.0 |       0 |      11 |   0.0 |   593
           D:5 |       0 |      49 |   0.0 |       0 |       4 |   0.0 |     7
               +---------+---------+-------+---------+---------+-------+---------
